 Dungeon Crawl Stone Soup version 0.26-a0-478-g6c97825307 (webtiles) character file.

Game seed: 9764767035737823198

301 Infinimo the Skirmisher (level 6, 0/39 HPs)
             Began as a Kobold Berserker on Aug 1, 2020.
             Was a Priest of Trog.
             Slain by a wight
             ... wielding a cursed +0 hand axe
              (4 damage)
             ... on level 3 of the Dungeon.
             The game lasted 00:03:04 (3767 turns).

Infinimo the Skirmisher (Kobold Berserker)          Turns: 3767, Time: 00:03:05

Health: 0/39       AC:  4    Str: 14    XL:     6   Next: 64%
Magic:  6/6        EV: 16    Int:  8    God:    Trog [***...]
Gold:   102        SH:  0    Dex: 17    Spells: 5/5 levels left

rFire    . . .     SeeInvis .   a - +1 falchion
rCold    . . .     Faith    .   (shield restricted)
rNeg     . . .     Spirit   .   q - +0 leather armour
rPois    .         Reflect  .   (no helmet)
rElec    .         Harm     .   (no cloak)
rCorr    .                      (no gloves)
MR       +....                  j - +0 pair of boots
Stlth    ++........             (no amulet)
HPRegen  0.13/turn              p - ring of protection from magic
MPRegen  0.10/turn              (no ring)

@: berserk cooldown, slowed, drained, very slow
A: small, nightstalker 3
a: Berserk, Trog's Hand, Renounce Religion


You were on level 3 of the Dungeon.
You worshipped Trog.
Trog was most pleased with you.
You visited 1 branch of the dungeon, and saw 3 of its levels.

You collected 102 gold pieces.

Inventory:

Hand Weapons
 a - a +1 falchion (weapon)
Armour
 j - a +0 pair of boots (worn)
 q - a +0 leather armour (worn)
Jewellery
 b - a +4 ring of evasion {unknown}
 p - a ring of protection from magic (left hand)
Scrolls
 g - a scroll of magic mapping
Potions
 f - 2 potions of heal wounds
 h - 2 potions of brilliance
 k - a potion of flight {unknown}


   Skills:
 + Level 4.7(3.9) Fighting
 * Level 4.4(3.6) Long Blades
 - Level 1.5(0.8) Armour
 + Level 4.4(3.6) Dodging


You had 5 spell levels left.
You didn't know any spells.
Your spell library was empty.

Dungeon Overview and Level Annotations

Branches:
Dungeon (3/15)

Altars:
Nemelex Xobeh
Xom


Innate Abilities, Weirdness & Mutations

You are small and have problems with some larger weapons.
You are completely attuned to the shadows.


Message History

You are too injured to fight recklessly!
You are too injured to fight recklessly!
You are too injured to fight recklessly!
You destroy the wight!
Trog accepts your kill.
The wight hits you with a cursed +0 mace.
You feel drained.
The wight throws a stone.
The wight is almost destroyed.
The wight throws a stone.
The wight hits you with a cursed +0 mace!
* * * LOW HITPOINT WARNING * * *
You feel drained.
* * * LOW HITPOINT WARNING * * *
You destroy the wight!
Trog accepts your kill.
You are no longer berserk.
You are exhausted.
You feel yourself slow down.
The wight hits you with a cursed +0 hand axe.
You die...

.....
...........................
.....
.......................
.....
.............#.........
....
.###.........#......... ...
#.........###.#.....
###.........###.#....#
#...(......#.........#
#.....)....#..........
#....@)....#...#######
#....z)....#...#
#..............#
#######........#
...........# ..#........#
..#...†..### #........
......#..


You could see a wight.

Vanquished Creatures
  3 wights (D:3)
  Natasha (D:3)
  4 adders
  2 river rats (D:3)
  3 oozes
  4 dart slugs
  3 leopard geckos
  5 orcs
  4 bats
  5 giant cockroaches
  6 goblins
  7 hobgoblins
  6 jackals
  2 quokkas
  2 ball pythons (D:1)
  4 frilled lizards
  7 kobolds
  7 rats
75 creatures vanquished.

Notes
Turn   | Place    | Note
-------+----------+-------------------------------------------
     0 | D:1      | Infinimo the Kobold Berserker began the quest for the Orb.
     0 | D:1      | Reached XP level 1. HP: 14/14 MP: 1/1
   154 | D:1      | Reached XP level 2. HP: 12/19 MP: 2/2
   734 | D:1      | Reached XP level 3. HP: 14/23 MP: 3/3
  1030 | D:1      | Reached ** piety under Trog
  1675 | D:2      | Reached XP level 4. HP: 29/29 MP: 4/4
  1785 | D:2      | Found a shimmering altar of Xom.
  2426 | D:2      | Found a sparkling altar of Nemelex Xobeh.
  2919 | D:3      | Reached XP level 5. HP: 16/33 MP: 5/5
  3174 | D:3      | Noticed Natasha
  3179 | D:3      | Killed Natasha
  3323 | D:3      | Reached *** piety under Trog
  3759 | D:3      | Reached XP level 6. HP: 39/39 MP: 6/6
  3767 | D:3      | Slain by a wight

Illustrated notes

Levels and vault maps discovered:
D:1:      minmay_arrival_split_and_join, layout_basic, minmay_crystal_water
D:2:      layout_basic, xom_butterflies, nemelex_dance_club_becter
D:3:      layout_basic, lightli_sewer_entry_pipes, fedhas_ov_isle_minmay,
          uniq_natasha

Skill      XL: |  1  2  3  4  5 |
---------------+----------------+-----
Long Blades    | 3 4 |  4.4
Dodging        | 3 4 |  4.4
Fighting       | 4 |  4.7
Armour         | |  1.5

Action                   |  1- 3 |  4- 6 || total
-------------------------+-------+-------++-------
Melee: Falchion          |    83 |   145 ||   228
Invok: Berserk           |     3 |     3 ||     6
  Use: Scroll            |       |     9 ||     9
       Potion            |       |     1 ||     1
 Stab: Sleeping          |     5 |    10 ||    15
       Distracted        |       |     1 ||     1
Armor: Animal skin       |    14 |     9 ||    23
       Leather armour    |       |    19 ||    19
Dodge: Dodged            |    80 |   104 ||   184
       Rpst.: Falchion   |    23 |    30 ||    53

Table legend: (Time is in decaauts)
 A = Elapsed time spent in this place.
 B = Non-inter-level travel time spent in this place.
 C = Inter-level travel time spent in this place.
 D = Time resting spent in this place.
 E = Time spent auto-exploring this place.
 F = Levels seen in this place.
 G = Mean time per level.
                   A        B        C        D        E       F      G
               +--------+--------+--------+--------+--------+-----+--------+
         Total |   3849 |   3713 |    136 |    228 |   2995 |   3 | 1283.0 |
       Dungeon |   3849 |   3713 |    136 |    228 |   2995 |   3 | 1283.0 |
               +--------+--------+--------+--------+--------+-----+--------+

Top non-repeatable levels by time:
     D:1: 1601 daAuts
     D:2: 1174 daAuts
     D:3: 1074 daAuts
